 Dungeon Crawl Stone Soup version 0.27-a0-124-g19cb506db8 (webtiles) character file.

Game seed: 7134332078430641403

2336 lunkers the Geomancer (level 9, -1/57 HPs)
             Began as a Vampire Earth Elementalist on Jan 25, 2021.
             Was a Believer of Ashenzari.
             Slain by a hellwing (8 damage)
             ... on level 8 of the Dungeon.
             The game lasted 00:11:53 (9215 turns).

lunkers the Geomancer (Vampire Earth Elementalist)  Turns: 9215, Time: 00:11:54

Health: -1/57      AC:  8    Str: 13    XL:     9   Next: 19%
Magic:  12/19      EV: 12    Int: 26    God:    Ashenzari [**....]
Gold:   13         SH:  8    Dex: 15    Spells: 6/21 levels left

rFire    . . .     SeeInvis +   t - +5 hand axe "Nesmosh" {pain, Str+2}
rCold    + . .     Faith    .   F - +0 buckler
rNeg     . . .     Spirit   .   G - +3 leather armour of the Neverending Suns {rC+ Str+4 Int+3} (curse)
rPois    .         Reflect  +   y - +0 helmet (curse)
rElec    .         Harm     .   (no cloak)
rCorr    +         Rampage  .   C - +0 pair of gloves "Eluefa" {rCorr Int+3} (curse)
Will     .....                  (no boots)
Stlth    ++........             p - amulet of reflection (curse)
HPRegen  0.39/turn              d - ring of resist corrosion (curse)
MPRegen  0.16/turn              (no ring)

@: lethally poisoned (-1 -> -27), marked, regenerating quickly
A: fangs 3, see invisible, unbreathing
a: Exsanguinate, Renounce Religion, Curse Item, Scrying


You were on level 8 of the Dungeon.
You worshipped Ashenzari.
Ashenzari was pleased with you.
You visited 1 branch of the dungeon, and saw 8 of its levels.
You also visited: Ossuary.

You collected 772 gold pieces.
You spent 759 gold pieces at shops.

Inventory:

Hand Weapons
 t - the +5 hand axe "Nesmosh" (weapon) {pain, Str+2}
   (You found it on level 4 of the Dungeon)

   In the hands of one skilled in necromantic magic, it inflicts extra damage on
   living creatures.
   It affects your strength (+2).
Missiles
 b - 134 stones
Armour
 c - a +0 robe
 y - a cursed +0 helmet (worn)
 A - a +1 robe of cold resistance
 C - the cursed +0 pair of gloves "Eluefa" (worn) {rCorr Int+3}
   (You bought it in a shop on level 7 of the Dungeon)

   It affects your intelligence (+3).
   It provides partial protection from all sources of acid and corrosion.
   It has a curse placed upon it.
 F - a +0 buckler (worn)
 G - the cursed +3 leather armour of the Neverending Suns (worn) {rC+ Str+4 Int+3}
   (You bought it in a shop on level 7 of the Dungeon)

   It affects your strength (+4).
   It affects your intelligence (+3).
   It protects you from cold.
   It has a curse placed upon it.
Jewellery
 d - a cursed ring of resist corrosion (left hand)
 p - a cursed amulet of reflection (around neck)
 v - an uncursed amulet of magic regeneration
Wands
 l - a wand of paralysis (8)
 x - a wand of enslavement (9)
Scrolls
 e - 2 scrolls of immolation {unknown}
 i - a scroll of noise {unknown}
 m - 5 scrolls of amnesia {unknown}
 o - 9 scrolls of magic mapping {unknown}
 r - 16 scrolls of identify {unknown}
 B - 2 scrolls of teleportation {unknown}
 D - a scroll of enchant armour {unknown}
Potions
 a - a potion of invisibility {unknown}
 f - 7 potions of attraction {unknown}
 g - 5 potions of curing {unknown}
 h - a potion of degeneration {unknown}
 j - a potion of flight {unknown}
 n - 2 potions of magic {unknown}
 q - 5 potions of lignification {unknown}
 s - 3 potions of brilliance {unknown}
 u - a potion of might {unknown}
 w - a potion of cancellation {unknown}
 z - a potion of haste {unknown}
 E - a potion of mutation {unknown}


   Skills:
 - Level 2.1(3.3) Dodging
 - Level 3.0(4.2) Stealth
 + Level 6.8 Spellcasting
 - Level 1.1(2.0) Transmutations
 * Level 10.5(11.8) Earth Magic


You had 6 spell levels left.
You knew the following spells:

 Your Spells              Type           Power        Failure   Level
a - Stone Arrow           Conj/Erth      80%          3%          3
b - Passwall              Tmut/Erth      36%          1%          2
c - Sandblast             Erth           100%         1%          1
d - Lee's Rapid Deconstr  Erth           31%          3%          5
e - Petrify               Tmut/Erth      44%          8%          4

Your spell library contained the following spells:

 Spells                   Type           Power        Failure   Level
 Animate Skeleton         Necr           18%          13%         1
 Apportation              Tloc           18%          13%         1
 Corona                   Hex            10%          13%         1
 Magic Dart               Conj           36%          13%         1
 Summon Small Mammal      Summ           36%          13%         1
 Searing Ray              Conj           18%          19%         2
 Dazzling Flash           Conj/Hex       18%          36%         3
 Fulminant Prism          Conj/Hex       4%           77%         4
 Iskenderun's Mystic Bla  Conj/Tloc      9%           77%         4


Dungeon Overview and Level Annotations

Branches:
Dungeon (8/15)             Temple (0/1) D:4         Ossuary (visited)
   Lair: D:8-11

Altars:
Ashenzari
Cheibriados
Dithmenos
Fedhas
Gozag
Hepliaklqana
Makhleb
Nemelex Xobeh
Ru
Sif Muna
Trog
Uskayaw
Vehumet
Zin
The Shining One

Shops:
D:4 (   D:6 (   D:7 [

Annotations:
D:8 Harold


Innate Abilities, Weirdness & Mutations

Your natural rate of healing is unusually fast.
You have razor-sharp teeth.
You have supernaturally acute eyesight. (SInv)
You can survive without breathing.


Message History

Unknown command.
You rip the net and break free!
* * * LOW HITPOINT WARNING * * *
You feel very sick.
The withered plant crumbles away.
The centaur unwields a +0 shortbow.
The centaur closely misses you. The shadow imp closely misses you.
You block the orc's attack.
The centaur warrior zombie barely misses you.
You block the centaur warrior zombie's attack.
The centaur hits you but does no damage.
Unknown command.
Unknown command.
* * * LOW HITPOINT WARNING * * *
You feel very sick.
The centaur warrior zombie hits you but does no damage.
The shadow imp hits you but does no damage.
The centaur warrior zombie hits you.
* * * LOW HITPOINT WARNING * * *
The centaur misses you. The orc barely misses you. The hellwing hits you!
You die...

, , , , ,
........8..8..
, , ...
....P8... , ,
, ..........5
,, ......... ,
, , ,,
*#.#.Z.5 ,, ,
* ,. #..Zo4Z ,
,,, , *
....#Y54##{ ,,
, , #....[o@Z#
*
###...@cZ....#
, *
##.5....##...
#..!...... . ,
*#.........# *
,
,,.....>.....#
,
##...........
,
#............,
*, , , * ,


You could see Harold, 2 hellwings, an ice beast, a centaur, a white imp, 3
shadow imps, 2 orcs, a wolf spider zombie, 2 centaur warrior zombies and a
meliai zombie.

Vanquished Creatures
  A sky beast (D:5)
  An ice beast (D:6)
  3 phantoms
  4 ogres
  2 bullfrogs (D:6)
  A scorpion (D:4)
  3 wights (D:7)
  3 howler monkeys (D:7)
  4 hounds
  An orc priest (D:5)
  A bullfrog zombie (D:5)
  3 orc wizards
  4 bullfrog skeletons
  A centaur skeleton (D:4)
  Jessica (D:7)
  Ijyb (D:5)
  7 worker ants
  8 mummies (Ossuary)
  2 worker ant zombies (D:7)
  13 adders
  4 gnolls (D:3)
  A howler monkey skeleton (D:7)
  2 shadow imps (D:7)
  A white imp (D:8)
  An ufetubus (D:6)
  An ooze (D:2)
  An adder zombie (D:7)
  5 worms
  12 dart slugs
  6 leopard geckos
  26 orcs
  2 ball pythons
  3 bats
  5 giant cockroaches
  3 gnoll zombies (Ossuary)
  14 hobgoblins
  4 jackals (D:3)
  10 kobolds
  6 quokkas
  A ball python skeleton (D:4)
  3 frilled lizards
  8 goblins
  2 hobgoblin zombies (Ossuary)
  2 kobold zombies (Ossuary)
  2 leopard gecko skeletons
  A leopard gecko zombie (D:6)
  An orc zombie (Ossuary)
  A quokka zombie (D:5)
  9 rats
201 creatures vanquished.

Vanquished Creatures (others)
  7 plants (D:2)
  2 withered plants (D:8)
9 creatures vanquished.

Grand Total: 210 creatures vanquished

Notes
Turn   | Place    | Note
-------+----------+-------------------------------------------
     0 | D:1      | lunkers the Vampire Earth Elementalist began the quest for
                  | the Orb.
     0 | D:1      | Reached XP level 1. HP: 13/13 MP: 3/3
   258 | D:1      | Reached XP level 2. HP: 19/19 MP: 3/5
   817 | D:1      | Reached XP level 3. HP: 23/24 MP: 2/6
  1342 | D:2      | Reached skill level 4 in Earth Magic
  1476 | D:2      | Found a snail-covered altar of Cheibriados.
  1630 | D:2      | Reached XP level 4. HP: 30/30 MP: 6/8
  1913 | D:2      | Learned a level 2 spell: Passwall
  1917 | D:2      | Learned a level 3 spell: Stone Arrow
  2018 | D:2      | Found a broken altar of Ashenzari.
  2062 | D:2      | Became a worshipper of Ashenzari the Shackled
  2928 | D:3      | Reached skill level 5 in Earth Magic
  3059 | D:3      | Reached XP level 5. HP: 26/35 MP: 2/9
  3370 | D:3      | Found a shadowy altar of Dithmenos.
  3868 | D:3      | Reached XP level 6. HP: 41/41 MP: 2/11
  3961 | D:3      | Reached * piety under Ashenzari
  3965 | D:3      | Found a sparkling altar of Nemelex Xobeh.
  4031 | D:4      | Found an opulent altar of Gozag.
  4036 | D:4      | Reached skill level 6 in Earth Magic
  4165 | D:4      | Found a glowing golden altar of the Shining One.
  4188 | D:4      | Found a hide-covered altar of Uskayaw.
  4203 | D:4      | Got the hand axe "Nesmosh" {pain, Str+2}
  4205 | D:4      | Identified the +5 hand axe "Nesmosh" {pain, Str+2} (You
                  | found it on level 4 of the Dungeon)
  4222 | D:4      | Found a staircase to the Ecumenical Temple.
  4346 | D:4      | Found Vovih Jeclich's Antique Weapon Boutique.
  4426 | D:4      | Found a sand-covered staircase.
  4433 | Ossuary  | Entered an ossuary
  4456 | Ossuary  | Reached XP level 7. HP: 46/46 MP: 6/13
  4529 | Ossuary  | Reached skill level 7 in Earth Magic
  4888 | D:4      | Found a burning altar of Makhleb.
  5211 | D:5      | Entered Level 5 of the Dungeon
  5230 | D:5      | Reached skill level 5 in Spellcasting
  5332 | D:5      | Found a hazy altar of Hepliaklqana.
  5399 | D:5      | Reached skill level 8 in Earth Magic
  5405 | D:5      | Reached XP level 8. HP: 41/52 MP: 8/15
  5495 | D:5      | Noticed Ijyb
  5505 | D:5      | Killed Ijyb
  6020 | D:5      | Reached skill level 9 in Earth Magic
  6166 | D:5      | Reached ** piety under Ashenzari
  6936 | D:6      | Found Beiczap's Weapon Emporium.
  6964 | D:6      | Found a blossoming altar of Fedhas.
  7257 | D:6      | Found a radiant altar of Vehumet.
  7258 | D:6      | Found a glowing silver altar of Zin.
  7268 | D:6      | Found a sacrificial altar of Ru.
  7319 | D:6      | Found a bloodstained altar of Trog.
  7367 | D:6      | Found a bloodstained altar of Trog.
  7677 | D:7      | Reached skill level 10 in Earth Magic
  7783 | D:7      | Reached XP level 9. HP: 57/57 MP: 11/18
  8048 | D:7      | Found Liuzapt's Armour Boutique.
  8131 | D:7      | Bought the +0 pair of gloves "Eluefa" {rCorr Int+3} for 257
                  | gold pieces
  8378 | D:7      | Noticed Jessica
  8381 | D:7      | Killed Jessica
  8421 | D:7      | Found a shimmering blue altar of Sif Muna.
  9167 | D:7      | Bought the +3 leather armour of the Neverending Suns {rC+
                  | Str+4 Int+3} for 502 gold pieces
  9189 | D:7      | Learned a level 5 spell: Lee's Rapid Deconstruction
  9194 | D:7      | Learned a level 4 spell: Petrify
  9202 | D:8      | Noticed Harold
  9204 | D:8      | Noticed a hellwing
  9206 | D:8      | Noticed a hellwing
  9215 | D:8      | Slain by a hellwing

Illustrated notes

Levels and vault maps discovered:
D:1:      lightli_arrival_lavapool, layout_loops_corners, supply_closet_lemuel,
          chequers_garden, minmay_ruptured
D:2:      layout_loops_ring, cheibriados_altar_1, ashenzari_conservatory_becter,
          serial_aquarium, aquarium_bridge_long_separate
          [aquarium_subvault_wall, aquarium_subvault_bridge,
          aquarium_subvault_bridge, aquarium_subvault_bridge,
          aquarium_subvault_wall, aquarium_subvault_window],
          aquarium_window_fake, aquarium_window_2, aquarium_window_fake,
          aquarium_view_4, aquarium_view_2b, aquarium_pool_side,
          serial_bayou_ford_a, guppyfry_early_orc_mine
D:3:      layout_rooms, lemuel_round_altar, lemuel_round_altar,
          lightli_corner_chamber
D:4:      wad_pebble_path, layout_basic, kennysheep_little_box,
          kennysheep_mini_moat, eat_drink_and_be_merry_uskayaw,
          minmay_temple_entry_overgrown, nicolae_ossuary_entry_ruins,
          serial_shops, shop, nicolae_gozag_seed_capital
D:5:      kennysheep_slugbush, layout_cave_pools, lemuel_crystal_altar,
          uniq_ijyb
D:6:      layout_loops_corners, old_standard_altar,
          gammafunk_temple_overflow_forgotten, general_overflow_altar,
          serial_shops, nicolae_shop_stone, trog_book
D:7:      layout_gridville, tgw_sif, serial_shops, nicolae_shop_stone,
          grunt_decor_one_mirror
D:8:      cheibrodos_grave_circle, layout_rooms, basic_altar, serial_shops,
          shop, elyvilon_altar_1, uniq_harold

Skill      XL: |  1  2  3  4  5  6  7  8 |
---------------+-------------------------+-----
Earth Magic    | 4 5 6 8 10 | 10.5
Spellcasting   | 3 4 5 6 |  6.8
Dodging        | |  2.1
Stealth        | |  3.0
Transmutations | |  1.1

Action                   |  1- 3 |  4- 6 |  7- 9 || total
-------------------------+-------+-------+-------++-------
Melee: Hand axe          |       |     6 |    62 ||    68
       Bite              |       |       |     7 ||     7
 Cast: Sandblast         |    60 |   133 |    49 ||   242
       Stone Arrow       |       |       |    82 ||    82
Invok: Curse Item        |       |     2 |     3 ||     5
 Stab: Sleeping          |       |     1 |     1 ||     2
Armor: Robe              |     1 |     4 |     8 ||    13
       Leather armour    |       |       |    13 ||    13
Dodge: Dodged            |    11 |    36 |    64 ||   111
Block: Other             |       |     2 |    23 ||    25
       Buckler           |       |       |     2 ||     2

Table legend: (Time is in decaauts)
 A = Elapsed time spent in this place.
 B = Non-inter-level travel time spent in this place.
 C = Inter-level travel time spent in this place.
 D = Time resting spent in this place.
 E = Time spent auto-exploring this place.
 F = Levels seen in this place.
 G = Mean time per level.
                   A        B        C        D        E       F      G
               +--------+--------+--------+--------+--------+-----+--------+
         Total |   9252 |   8859 |    393 |    275 |   7228 |   9 | 1028.0 |
       Dungeon |   8944 |   8551 |    393 |    237 |   7053 |   8 | 1118.0 |
       Ossuary |    308 |    308 |      0 |     38 |    175 |   1 |  308.0 |
               +--------+--------+--------+--------+--------+-----+--------+

Top non-repeatable levels by time:
     D:7: 1683 daAuts
     D:2: 1602 daAuts
     D:1: 1338 daAuts
     D:6: 1149 daAuts
     D:5: 1129 daAuts
     D:3: 1087 daAuts
     D:4: 940 daAuts
 Ossuary: 308 daAuts
     D:8: 13 daAuts
